 Dungeon Crawl Stone Soup version 0.25-a0-598-gc9c9e4cfe1 (webtiles) character file.

Game seed: 17814721455184001104, levelgen mode: deterministic

710 MisterFreud the Nimble (level 7, -18/33 HPs)
             Began as a Felid Skald on Mar 15, 2020.
             Was a Priest of Uskayaw.
             Demolished by a red ugly thing (20 damage)
             ... on level 6 of the Dungeon.
             The game lasted 00:12:25 (7610 turns).

MisterFreud the Nimble (Felid Skald)                Turns: 7610, Time: 00:12:26

Health: -18/33     AC:  2    Str:  7    XL:     7   Next: 40%
Magic:  10/20      EV: 24    Int: 15    God:    Uskayaw [***...]
Gold:   295        SH:  0    Dex: 17    Spells: 4/10 levels left
                                        Lives:  0   Deaths: 2

rFire    . . .     SeeInvis +     - Unarmed
rCold    . . .     Gourm    .   (shield unavailable)
rNeg     . . .     Faith    .   (armour unavailable)
rPois    .         Spirit   .   (helmet unavailable)
rElec    .         Reflect  .   (cloak unavailable)
rCorr    .         Harm     .   (gloves unavailable)
MR       +....                  (boots unavailable)
Stlth    ++++......             (no amulet)
HPRegen  0.11/turn              t - ring of wizardry
MPRegen  0.17/turn              l - ring of magical power

@: infused, quick
A: very small, no armour, no weapons or thrown items, stealth, claws 1, fangs 3,
see invisible, carnivore, speed 1, shaggy fur 2, slow metabolism 1, sharp paws
a: Stomp, Line Pass, Renounce Religion


You were on level 6 of the Dungeon.
You worshipped Uskayaw.
Uskayaw was noncommittal.
You were not hungry.

You visited 1 branch of the dungeon, and saw 6 of its levels.

You collected 295 gold pieces.

Inventory:

Jewellery
 f - an uncursed ring of poison resistance
 g - an uncursed ring of protection from fire
 l - a ring of magical power (right paw)
 t - a ring of wizardry (left paw)
Scrolls
 a - 4 scrolls of identify
 e - 2 scrolls of teleportation {unknown}
 h - 4 scrolls of magic mapping {unknown}
 m - a scroll of fog {unknown}
 n - 3 scrolls of remove curse {unknown}
 o - a scroll of immolation {unknown}
 r - a scroll of blinking {unknown}
 s - a scroll of noise {unknown}
Potions
 c - a potion of berserk rage
 d - a potion of might {unknown}
 i - a potion of stabbing {unknown}
 j - 2 potions of curing {unknown}
 k - a potion of resistance {unknown}
 p - a potion of brilliance {unknown}
 q - a potion of flight {unknown}
 u - a potion of degeneration {unknown}
Comestibles
 b - 7 rations


   Skills:
 + Level 5.0 Fighting
 - Level 8.2 Dodging
 - Level 6.0 Stealth
 + Level 5.2 Unarmed Combat
 - Level 2.0 Spellcasting
 - Level 3.6 Charms
 + Level 2.8 Invocations


You had 4 spell levels left.
You knew the following spells:

 Your Spells              Type           Power        Failure   Level  Hunger
a - Infusion              Chrm           ##..         1%          1    #......
b - Shroud of Golubria    Chrm/Tloc      #.....       6%          2    ###....
c - Ozocubu's Armour      Chrm/Ice       #.......     13%         3    ###....

Your spell library contained the following spells:

 Spells                   Type           Power        Failure   Level  Hunger
 Song of Slaying          Chrm           ##......     3%          2    ###....
 Animate Skeleton         Necr           N/A          9%          1    #......
 Apportation              Tloc           #.....       9%          1    #......
 Corona                   Hex            #......      9%          1    #......
 Summon Small Mammal      Summ           #...         9%          1    #......
 Spectral Weapon          Hex/Chrm       Unusable     N/A         3    N/A

Dungeon Overview and Level Annotations

Branches:
Dungeon (6/15)
 Temple: D:4-7

Altars:
Sif Muna
Uskayaw
Yredelemnul

Shops:
D:6 *

Annotations:
D:6 Pikel


Innate Abilities, Weirdness & Mutations

You cannot wear armour.
You are incapable of wielding weapons or throwing items.
Your paws allow you to move quietly. (Stealth)
You have sharp claws.
You have razor-sharp teeth.
You have supernaturally acute eyesight. (SInv)
You are carnivorous and can eat meat at any time.
You cover ground quickly.
You are covered in thick fur. (AC +2)
You have a slow metabolism.
Your sharp claws are effective at attacking unaware monsters.


Message History

You closely miss the red ugly thing. Your bite misses the red ugly thing.
The red ugly thing is heavily wounded.
The red ugly thing tail-slaps you but does no damage.
You claw the red ugly thing!
You bite the red ugly thing, but do no damage.
The red ugly thing is heavily wounded.
The red ugly thing tail-slaps you!
You are engulfed in flames!
The heat melts your icy armour.
Uskayaw will force your foes to helplessly watch your dance.
Uskayaw prepares the audience for your solo!
The helpless red ugly thing fails to defend itself.
You mangle the red ugly thing!!
The red ugly thing is almost dead.
The red ugly thing is no longer paralysed.
The red ugly thing tail-slaps you!
* * * LOW HITPOINT WARNING * * *
You are engulfed in flames!!
Your icy armour melts away.
Ouch! That really hurt!
You die...

.....##.####........#
....##.###########.# .... ......
#.# ####### ... ...... #.#
.......####.# #...... #.#
.........##.##....... #.#
.......#....##..∩.... #.#
#.######..#.##u./.... #.#
#..#.o@....... #.# ..
#..####.###### #.# . #..# #.# #.#
###..####.#### #.# ..
#............##########.# .
#.#.......##............#
#.#######............#.##########
...W..............##...#
###.##.#..##)#..####.###


You could see a red ugly thing and an orc warrior (paralysed).

Vanquished Creatures
  Menkaure (D:4)
  An ice beast (D:6)
  An eye of draining (D:6)
  An ogre (D:5)
  A centaur (D:5)
  A water moccasin zombie (D:5)
  A scorpion (D:4)
  4 killer bees (D:5)
  A howler monkey (D:6)
  A crimson imp (D:5)
  2 bullfrog zombies (D:5)
  2 orc priests (D:5)
  A centaur skeleton (D:5)
  3 jellies
  3 orc wizards
  Jessica (D:2)
  A worker ant (D:5)
  Robin (D:2)
  6 gnolls
  7 adders
  A howler monkey skeleton (D:4)
  2 dart slugs
  2 worms (D:3)
  2 leopard geckos
  12 orcs
  6 bats
  6 giant cockroaches
  11 goblins
  10 hobgoblins
  2 quokkas (D:3)
  2 ball pythons
  4 frilled lizards
  5 kobolds
  A leopard gecko skeleton (D:4)
  A quokka skeleton (D:5)
  A quokka zombie (D:5)
  10 rats
118 creatures vanquished.

Notes
Turn   | Place    | Note
-------+----------+-------------------------------------------
     0 | D:1      | MisterFreud the Felid Skald began the quest for the Orb.
     0 | D:1      | Reached XP level 1. HP: 9/9 MP: 4/4
    32 | D:1      | Noticed an anaconda
    32 | D:1      | Noticed a polar bear
    32 | D:1      | Noticed a hog
   429 | D:1      | Reached XP level 2. HP: 13/13 MP: 1/6
   482 | D:1      | Learned a level 2 spell: Shroud of Golubria
  1178 | D:2      | Noticed Robin
  1359 | D:2      | Reached XP level 3. HP: 17/17 MP: 2/7
  1705 | D:2      | Killed Robin
  1804 | D:2      | Noticed Jessica
  1816 | D:2      | Killed Jessica
  1816 | D:2      | Reached skill level 1 in Stealth
  1816 | D:2      | Reached XP level 4. HP: 22/22 MP: 0/8
  1935 | D:2      | Found a shimmering blue altar of Sif Muna.
  2475 | D:2      | Learned a level 3 spell: Ozocubu's Armour
  2557 | D:3      | Reached XP level 5. HP: 19/25 MP: 4/9
  2782 | D:3      | You fall into a shaft and drop 3 floors!
  2822 | D:6      | Found a basalt altar of Yredelemnul.
  2830 | D:6      | Noticed a phantom
  2841 | D:6      | Noticed an eye of draining
  2843 | D:6      | Found Qausah's Assorted Antiques.
  2876 | D:5      | Entered Level 5 of the Dungeon
  2999 | D:5      | HP: 1/25 [orc priest/divine providence (11)]
  3364 | D:5      | Noticed an ogre
  3367 | D:5      | Slain by an ogre
  3368 | D:5      | Reached XP level 4. HP: -3/22 MP: 14/17
  3402 | D:5      | Reached XP level 5. HP: 25/25 MP: 9/9
  3413 | D:5      | Reached skill level 4 in Dodging
  3792 | D:5      | Reached skill level 5 in Dodging
  3792 | D:5      | Gained mutation: You are covered in thick fur. (AC +2)
                  | [Felid growth]
  3792 | D:5      | Reached XP level 6. HP: 27/28 MP: 10/10
  3839 | D:5      | Reached skill level 6 in Dodging
  4975 | D:4      | Found a hide-covered altar of Uskayaw.
  5004 | D:4      | Noticed Menkaure
  5155 | D:4      | HP: 1/28 [orc wizard/+0 dagger of distortion (24)]
  5687 | D:4      | Reached skill level 7 in Dodging
  5735 | D:4      | Became a worshipper of Uskayaw the Reveler
  5748 | D:4      | Reached * piety under Uskayaw
  5749 | D:4      | Reached ** piety under Uskayaw
  5751 | D:4      | Killed Menkaure
  5751 | D:4      | Reached XP level 7. HP: 32/32 MP: 11/11
  5908 | D:4      | Reached skill level 8 in Dodging
  6618 | D:5      | Reached skill level 1 in Invocations
  6650 | D:5      | Reached *** piety under Uskayaw
  6876 | D:5      | Reached skill level 5 in Stealth
  6927 | D:5      | Reached XP level 8. HP: 32/36 MP: 12/12
  6929 | D:5      | Reached **** piety under Uskayaw
  6936 | D:5      | Reached ***** piety under Uskayaw
  7406 | D:6      | Reached skill level 5 in Unarmed Combat
  7433 | D:6      | Noticed Pikel
  7451 | D:6      | Demolished by Pikel
  7452 | D:6      | Reached XP level 7. HP: -14/33 MP: 18/20
  7468 | D:6      | Reached skill level 5 in Fighting
  7591 | D:6      | Noticed a red ugly thing
  7610 | D:6      | Demolished by a red ugly thing

Levels and vault maps discovered:
D:1:      onia_arrival_zoo_common, layout_basic
D:2:      layout_rooms, lemuel_crystal_altar, serial_park_tiny_2, uniq_jessica,
          uniq_robin
D:3:      minmay_chambers_of_twos, layout_loops_corners, first_ration
D:4:      layout_gridville, old_standard_altar, uniq_menkaure
D:5:      layout_loops_ring, minmay_between
D:6:      cheibrodos_barr_body, layout_loops_cross, basic_altar, serial_shops,
          shop, grunt_gozag_breadcrumbs, uniq_pikel

Skill      XL: |  1  2  3  4  5  6  7  8 |
---------------+-------------------------+-----
Fighting       | 3 4 5 |  5.0
Stealth        | 1 3 4 6 |  6.0
Unarmed Combat | 4 5 |  5.2
Dodging        | 5 7 8 |  8.2
Invocations    | 2 |  2.8
Spellcasting   | |  2.0
Charms         | |  3.6

Action                   |  1- 3 |  4- 6 |  7- 9 || total
-------------------------+-------+-------+-------++-------
Melee: Unarmed           |    97 |   220 |   120 ||   437
       Bite              |     9 |    20 |    14 ||    43
       Punch             |       |     3 |     1 ||     4
 Cast: Infusion          |    14 |    18 |     9 ||    41
       Shroud of Golubri |     8 |    20 |     9 ||    37
       Ozocubu's Armour  |       |       |     2 ||     2
  Use: Scroll            |       |       |     1 ||     1
 Stab: Sleeping          |     3 |    11 |     5 ||    19
       Paralysed         |       |       |     3 ||     3
       Distracted        |       |       |     1 ||     1
  Eat: Chunk             |     6 |    16 |     4 ||    26
Armor: Skin              |     1 |    10 |     4 ||    15
Dodge: Dodged            |    67 |   163 |    97 ||   327

Table legend:
 A = Non-vault XP
 B = Vault XP
 C = Vault XP percentage of total XP
 D = Non-vault monster count
 E = Vault monster count
 F = Vault count percentage of total count
                 A         B        C        D         E       F
            +---------+---------+-------+---------+---------+-------
      Total |    1658 |     369 |  18.2 |      94 |      24 |  20.3
            +---------+---------+-------+---------+---------+-------
        D:1 |      32 |       6 |  15.8 |      20 |       3 |  13.0
        D:2 |      51 |      66 |  56.4 |      10 |      10 |  50.0
        D:3 |     123 |      17 |  12.1 |      20 |       8 |  28.6
        D:4 |     156 |     157 |  50.2 |      12 |       1 |   7.7
        D:5 |     990 |     123 |  11.1 |      29 |       2 |   6.5
        D:6 |     306 |       0 |   0.0 |       3 |       0 |   0.0
            +---------+---------+-------+---------+---------+-------
